 Dungeon Crawl Stone Soup version 0.29-a0-393-g47a863cc1b (webtiles) character file.

Game seed: 8207693659076144830

151 NinjaNoafa the Ruffian (level 5, -7/53 HPs)
             Began as a Troll Fighter on May 9, 2022.
             Mangled by a gnoll
             ... wielding a +0 halberd
              (16 damage)
             ... on level 2 of the Dungeon.
             The game lasted 00:02:39 (1124 turns).

NinjaNoafa the Ruffian (Troll Fighter)              Turns: 1124, Time: 00:02:39

Health: -7/53      AC:  4    Str: 24    XL:     5   Next: 11%
Magic:  4/4        EV:  9    Int:  4    God:
Gold:   63         SH:  9    Dex: 17    Spells: 4/4 levels left

rFire   . . .      SeeInvis .     - Unarmed
rCold   . . .      Faith    .   b - +0 kite shield
rNeg    . . .      Spirit   .   a - +0 robe
rPois   .          Reflect  .   (helmet restricted)
rElec   .          Harm     .   (no cloak)
rCorr   .          Rampage  .   (gloves unavailable)
Will    .....                   (boots unavailable)
Stlth   ++........              (no amulet)
HPRegen 0.97/turn               k - +6 ring of dexterity
MPRegen 0.09/turn               (no ring)

@: mighty, attractive
A: large, unfitting armour, claws 3, regeneration 1, shaggy fur 1, tough skin 1
a: no special abilities


You were on level 2 of the Dungeon.
You visited 1 branch of the dungeon, and saw 2 of its levels.

You collected 63 gold pieces.

Inventory:

Armour
 a - a +0 robe (worn)
 b - a +0 kite shield (worn)
Jewellery
 k - a +6 ring of dexterity (left claw)
Scrolls
 f - a scroll of immolation {unknown}
 g - a scroll of acquirement {unknown}
 h - a scroll of poison {unknown}
 i - 2 scrolls of enchant armour {unknown}
 j - a scroll of amnesia {unknown}
 l - a scroll of teleportation {unknown}
 n - a scroll of identify {unknown}
Potions
 c - a potion of might
 d - a potion of curing {unknown}
 e - 2 potions of mutation {unknown}


   Skills:
 + Level 3.0 Fighting
 + Level 3.0 Dodging
 + Level 3.0 Shields
 * Level 3.7 Unarmed Combat


You had 4 spell levels left.
You didn't know any spells.
Your spell library contained the following spells:

 Spells                   Type           Power      Damage    Failure   Level
 Beastly Appendage        Tmut           0%         N/A       80%         1
 Wereblood                Tmut           0%         N/A       90%         2
 Spider Form              Tmut/Pois      0%         N/A       99%         3


Dungeon Overview and Level Annotations

Branches:
Dungeon (2/15)

Altars:


Innate Abilities, Weirdness & Mutations

You are too large for most types of armour.
You have claws for hands.
Your natural rate of healing is unusually fast.
You are covered in fur. (AC +1)
You have tough skin. (AC +1)


Message History

You block the gnoll's attack. x2; The gnoll barely misses you.
The gnoll hits you from afar with a +0 spear.
You scratch the gnoll.
The gnoll is heavily wounded.
The gnoll barely misses you. The gnoll hits you with a +0 spear.
The gnoll barely misses you. The gnoll closely misses you.
You claw the gnoll!
You kill the gnoll!
The gnoll hits you with a +0 halberd. The gnoll hits you with a +0 spear.
You block the gnoll's attack.
You scratch the gnoll.
The gnoll is lightly wounded.
The gnoll hits you with a +0 halberd! The gnoll hits you with a +0 spear.
The gnoll hits you but does no damage.
You claw the gnoll!
The gnoll is almost dead.
The gnoll hits you with a +0 spear. You block the gnoll's attack.
The gnoll hits you with a +0 halberd!
You are too injured to fight recklessly!
You are too injured to fight recklessly!
You are too injured to fight recklessly!
You are too injured to fight recklessly!
You are too injured to fight recklessly!
You are too injured to fight recklessly!
Okay, then.
It was a potion of attraction.
You feel attractive to monsters. The gnoll hits you with a +0 halberd!
* * * LOW HITPOINT WARNING * * *
You block the gnoll's attack. The gnoll barely misses you.
The gnoll barely misses you. You block the gnoll's attack.
The gnoll closely misses you. The gnoll is attracted toward you.
You feel very mighty all of a sudden. The gnoll hits you with a +0 halberd.
* * * LOW HITPOINT WARNING * * *
You block the gnoll's attack. The gnoll closely misses you.
Okay, then.
You feel mightier all of a sudden. The gnoll closely misses you.
The gnoll hits you with a +0 halberd!
You die...

######...####...#.
#....†...))...#.#.
#...##...####.#.#.
#...#.........#.#.
#...#.......#.#'#.
#...#.....#.#.....
#####(..#.......#.....
#.......###...........
#....@g...........#+##
#..>.g..#####
#...)..g.=...
#......###### ####
#####... #... #....
#... #.#### ###... #.#
#..... #.# #.#...


You could see 3 gnolls.

Vanquished Creatures
  Terence (D:2)
  Natasha (twice) (D:2)
  5 gnolls (D:2)
  A dart slug (D:2)
  3 ball pythons (D:1)
  2 endoplasms (D:1)
  2 giant cockroaches (D:1)
  A goblin (D:1)
  A hobgoblin (D:2)
  7 bats
  A frilled lizard (D:1)
  5 kobolds
  3 rats
34 creatures vanquished.

Notes
Turn   | Place    | Note
-------+----------+-------------------------------------------
     0 | D:1      | NinjaNoafa the Troll Fighter began the quest for the Orb.
     0 | D:1      | Reached XP level 1. HP: 22/22 MP: 0/0
   195 | D:1      | Reached XP level 2. HP: 29/29 MP: 1/1
   585 | D:2      | Noticed Terence
   585 | D:2      | Found a faded altar of an unknown god.
   596 | D:2      | Killed Terence
   597 | D:2      | Reached XP level 3. HP: 36/36 MP: 2/2
   792 | D:2      | Noticed Natasha
   800 | D:2      | Killed Natasha
   801 | D:2      | Reached XP level 4. HP: 37/44 MP: 3/3
  1055 | D:2      | Identified the +1 hunting sling "Xiacver" {venom, rC+
                  | Will++ rCorr Str+2}
  1076 | D:2      | Noticed Natasha
  1082 | D:2      | Killed Natasha
  1096 | D:2      | Reached XP level 5. HP: 53/53 MP: 4/4
  1124 | D:2      | Mangled by a gnoll

Illustrated notes

Levels and vault maps discovered:
D:1:      dpeg_arrival_solitude, layout_basic, serial_aquarium,
          aquarium_bridge_square [aquarium_subvault_bridge,
          aquarium_subvault_wall, aquarium_subvault_window,
          aquarium_subvault_balcony], aquarium_bridge_square
          [aquarium_subvault_balcony, aquarium_subvault_bridge,
          aquarium_subvault_bridge, aquarium_subvault_window],
          aquarium_window_fake, aquarium_window_corner, aquarium_window_1,
          aquarium_window_corner, aquarium_view_2b, aquarium_balcony_1b,
          aquarium_pool_double
D:2:      layout_basic, hellmonk_ecumenical_altar_pennies_from_heaven,
          uniq_terence, uniq_natasha

Skill      XL: |  1  2  3  4 |
---------------+-------------+-----
Unarmed Combat | 3 |  3.7
Fighting       | 3 |  3.0
Shields        | 3 |  3.0
Dodging        | 3 |  3.0

Action                   |  1- 3 |  4- 6 || total
-------------------------+-------+-------++-------
Melee: Unarmed           |    62 |    21 ||    83
 Fire: Hunting sling     |       |     8 ||     8
  Use: Potion            |     1 |     3 ||     4
Armor: Robe              |    44 |     3 ||    47
Dodge: Dodged            |    35 |    16 ||    51
Block: Kite shield       |    32 |    16 ||    48

Table legend: (Time is in decaauts)
 A = Elapsed time spent in this place.
 B = Non-inter-level travel time spent in this place.
 C = Inter-level travel time spent in this place.
 D = Time resting spent in this place.
 E = Time spent auto-exploring this place.
 F = Levels seen in this place.
 G = Mean time per level.
                   A        B        C        D        E       F      G
               +--------+--------+--------+--------+--------+-----+--------+
         Total |   1138 |   1114 |     24 |      0 |    810 |   2 |  569.0 |
       Dungeon |   1138 |   1114 |     24 |      0 |    810 |   2 |  569.0 |
               +--------+--------+--------+--------+--------+-----+--------+

Top non-repeatable levels by time:
     D:1: 589 daAuts
     D:2: 548 daAuts
